 Dungeon Crawl Stone Soup version bcrawl-1.13 (webtiles) character file.

Game seed: 605429408696981397

7236 Camlann the Carver (level 10, -1/88 HPs)
             Began as a Demonspawn Archaeologist on July 28, 2019.
             Was an Elder of Makhleb.
             Slain by a yak (7 damage)
             ... on level 8 of the Dungeon.
             The game lasted 00:14:21 (6244 turns).

Camlann the Carver (Demonspawn Archaeologist)       Turns: 6244, Time: 00:14:22

Health: -1/88      AC: 14    Str: 14    XL:     10   Next: 88%
Magic:  10/10      EV: 11    Int: 15    God:    Makhleb [****..]
Gold:   319        SH:  3    Dex: 13    Spells: 9/9 levels left

rFire    . . .     SeeInvis .   f - +1 sword of Power
rCold    . . .     Gourm    .   (shield currently unavailable)
rNeg     . . .     Faith    .   h - +4 ring mail of Snakes and Ladders {rCorr Slay+3}
rPois    .         Spirit   .   c - +2 hat
rElec    +         Reflect  .   (no cloak)
rCorr    +         Harm     .   (no gloves)
MR       .....                  (no boots)
Stlth    +++.......             m - amulet of regeneration
HPRegen  0.64/turn              s - ring of stealth
MPRegen  0.12/turn              b - ring of insulation

@: no status effects
A: hooves 1, thin metallic scales 2, powered by death 1, screaming 1, no potion
heal 1, rot immunity, MP-powered wands
a: Minor Destruction, Lesser Servant of Makhleb, Major Destruction, Renounce
Religion


You were on level 8 of the Dungeon.
You worshipped Makhleb.
Makhleb was greatly pleased with you.
You were not hungry.

You visited 2 branches of the dungeon, and saw 9 of its levels.
You also visited: Ossuary.

You collected 509 gold pieces.
You spent 190 gold pieces at shops.


Innate Abilities, Weirdness & Mutations

You have large cloven feet.
You are mostly covered in thin metallic scales. (AC +3)
You regenerate a little health from kills.
You are immune to rotting.
You occasionally shout uncontrollably at your foes.
Potions are less effective at restoring your health.
You expend magic power (3 MP) to strengthen your wands.


   Skills:
 + Level 11.4 Fighting
 + Level 11.9 Long Blades
 - Level 0.8 Maces & Flails
 - Level 2.6 Dodging
 - Level 3.0 Stealth


You had 9 spell levels left.
You didn't know any spells.
Your spell library contained the following spells:

 Spells                   Type           Power        Failure   Level  Hunger
 Animate Skeleton         Necr           N/A          50%         1    ##.....
 Pain                     Necr           #...         50%         1    ##.....
 Regeneration             Chrm/Necr      #.........   86%         3    ####...
 Vampiric Draining        Necr           #.........   86%         3    ####...
 Animate Dead             Necr           N/A          99%         4    #####..
 Bolt of Draining         Conj/Necr      #.........   100%        5    ######.


Dungeon Overview and Level Annotations

Branches:
Dungeon (8/12)             Temple (1/1) D:4             Orc (0/1) D:8
   Lair: D:7-10

Altars:
Ashenzari
Cheibriados
Dithmenos
Elyvilon
Fedhas
Gozag
Hepliaklqana
Kikubaaqudgha
Makhleb
Nemelex Xobeh
Okawaru
Qazlal
Ru
Sif Muna
Trog
Uskayaw
Vehumet
Wu Jian
Xom
Zin
The Shining One

Shops:
D:5 *[*

Annotations:
D:7 1 transporter

Inventory:

Hand Weapons
 f - the +1 sword of Power (weapon)
 j - a +1 trident of draining
   (You found it on level 5 of the Dungeon)
 t - the +10 short sword "Epteop" {pierce, rN+++ MP-9 Str-5 Int+2}
   (You found it on level 4 of the Dungeon)

   It inflicts extra damage upon your enemies.
   It affects your strength (-5).
   It affects your intelligence (+2).
   It renders you almost immune to negative energy.
   It affects your magic capacity (-9).
 B - the +1 great mace of Conflict {drain, rF+ rC+ MR+}
   (You took it off a two-headed ogre on level 7 of the Dungeon)

   A truly terrible weapon, it drains the life of those it strikes.
   It protects you from fire.
   It protects you from cold.
   It affects your resistance to hostile enchantments.
 D - the +8 great mace "Olenlepn" {crush, *Noise rF+ rC+}
   (You took it off a two-headed ogre on level 7 of the Dungeon)

   It inflicts extra damage upon your enemies.
   It protects you from fire.
   It protects you from cold.
   It may make noises in combat.
Armour
 c - a +2 hat (worn)
 h - the +4 ring mail of Snakes and Ladders (worn) {rCorr Slay+3}
   (You found it on level 2 of the Dungeon)

   It affects your accuracy and damage with ranged weapons and melee attacks
   (+3).
   It provides partial protection from all sources of acid and corrosion.
Magical Staves
 e - an uncursed staff of cold {unknown}
   (You found it on level 4 of the Dungeon)
Jewellery
 b - a ring of insulation (right hand)
   (You found it on level 3 of the Dungeon)
 k - a +2 amulet of reflection
   (You found it on level 4 of the Dungeon)
 l - an uncursed ring of wizardry
   (You found it on level 1 of the Dungeon)
 m - an amulet of regeneration (around neck)
   (You found it on level 2 of the Dungeon)
 s - a ring of stealth (left hand)
   (You found it on level 4 of the Dungeon)
Wands
 r - a wand of paralysis (12)
   (You found it on level 4 of the Dungeon)
Scrolls
 d - 4 scrolls of enchant weapon
 n - 6 scrolls of remove curse
 q - a scroll of fog
 u - a scroll of fear
 v - 3 scrolls of amnesia
 x - 2 scrolls of magic mapping
 y - a scroll of enchant armour
 C - 2 scrolls of blinking
Potions
 a - a potion of ambrosia
 i - 3 potions of brilliance
 o - 8 potions of curing
 p - 2 potions of agility
 w - 3 potions of resistance
 z - a potion of flight
 A - a potion of might
Comestibles
 g - 22 rations {!d}
 E - 4 chunks of flesh {@w1}

.............)..........#
#......................#
##........#...........###
#.......####...........#
#.....................#
..................#
#...............
#.....YY........
..##.....Y6#.......
......<%%####......
........Y...#.....[
................##.
.....?..##.#.##..#
......### .# # .## ......
.. . #..... .% ##... ...


You could see 3 yaks.


Message History

The yak is almost dead.
The yak gores you. The yak barely misses you. The yak gores you!
The yak gores you.
You hit the yak.
The yak is almost dead.
The yak barely misses you. The yak gores you.
The yak gores you but does no damage. The yak closely misses you.
You are too injured to fight recklessly!
You are too injured to fight recklessly!
You are too injured to fight recklessly!
You are too injured to fight recklessly!
You are too injured to fight recklessly!
You are too injured to fight recklessly!
You are too injured to fight recklessly!
You are too injured to fight recklessly!
You are too injured to fight recklessly!
You are too injured to fight recklessly!
You are too injured to fight recklessly!
You are too injured to fight recklessly!
You are too injured to fight recklessly!
You are too injured to fight recklessly!
You are too injured to fight recklessly!
You slice the yak!!
You kill the yak!
Makhleb accepts your kill.
You feel better. The yak gores you but does no damage. The yak gores you!
A yak comes into view.
The yak closely misses you. The yak gores you. You block the yak's attack.
The yak bellows!
You slice the yak!! You kick the yak.
The yak is heavily wounded.
You block the yak's attack. The yak gores you. The yak closely misses you.
The yak gores you but does no damage. The yak gores you!
* * * LOW HITPOINT WARNING * * *
You slice the yak!!
You kill the yak!
Makhleb accepts your kill. The yak misses you. The yak closely misses you. x2
The yak gores you. The yak completely misses you.
You see here a yak corpse.
You slash the yak! You kick the yak, but do no damage.
The yak is moderately wounded.
The yak gores you but does no damage. The yak gores you!
* * * LOW HITPOINT WARNING * * *
The yak misses you.
You hit the yak but do no damage.
The yak is moderately wounded.
The yak gores you but does no damage.
You hit the yak but do no damage.
The yak is moderately wounded.
The yak gores you but does no damage. The yak gores you!
* * * LOW HITPOINT WARNING * * *
You slash the yak! You kick the yak.
The yak is moderately wounded.
The yak misses you. The yak gores you.
* * * LOW HITPOINT WARNING * * *
You slash the yak! You kick the yak.
The yak is almost dead.
The yak barely misses you. x2; The yak gores you!
* * * LOW HITPOINT WARNING * * *
You slash the yak!
You kill the yak!
Makhleb accepts your kill. You block the yak's attack.
The yak gores you but does no damage.
You slash the yak! You kick the yak!
The yak is almost dead.
The yak gores you.
* * * LOW HITPOINT WARNING * * *
The yak gores you but does no damage. The yak gores you!
You die...

Action                   |  1- 3 |  4- 6 |  7- 9 | 10-12 || total
-------------------------+-------+-------+-------+-------++-------
Melee: Whip              |   155 |    43 |       |       ||   198
       Kick              |    25 |    22 |    52 |    38 ||   137
       Short sword       |       |    51 |       |       ||    51
       Great sword       |       |    31 |   233 |   102 ||   366
Evoke: Wand              |       |       |       |     3 ||     3
  Use: Scroll            |     6 |     7 |     8 |     1 ||    22
       Potion            |     2 |       |     6 |       ||     8
 Stab: Sleeping          |     5 |     2 |     5 |     3 ||    15
       Paralysed         |       |       |       |     6 ||     6
  Eat: Chunk             |     2 |     6 |     8 |     2 ||    18
Armor: Robe              |    63 |       |       |       ||    63
       Ring mail         |    16 |    56 |   110 |    62 ||   244
       Skin              |     4 |       |       |       ||     4
Dodge: Dodged            |   125 |    69 |   124 |    78 ||   396
Block: Other             |       |     1 |    19 |    16 ||    36

Levels and vault maps discovered:
D:1:      tarquinn_simple_flora_water_b, layout_basic
D:2:      layout_basic, fedhas_ov_isle_minmay, gammafunk_temple_overflow_arena,
          marbit_many_paths, gammafunk_temple_overflow_elements,
          minmay_misc_feat_square, grunt_decor_arrowhead
D:3:      layout_loops_ring, chequers_ecumenical_altar_grove, first_ration
D:4:      layout_rooms, kennysheep_mini_moat, minmay_temple_entry_junction_2,
          uniq_natasha
D:5:      cheibrodos_two_vegetables, layout_basic, serial_shops,
          nicolae_shop_behind_doors, nicolae_shop_behind_doors,
          nicolae_shop_behind_doors, brannock_xom_greatest_gift
D:6:      layout_cave_pools, minmay_misc_feat_roman
D:7:      layout_loops_ring, nicolae_ossuary_entry_plus, gammafunk_ghost_smash
D:8:      layout_cave_pools, orc_0_dummy, hangedman_ranch
          [blue_anna_fruit_fields], minmay_misc_feat_pillars, st_stairs_4,
          serial_bayou_pond_a
Temple:   nicolae_temple_elliptical

Notes
Turn   | Place    | Note
-------+----------+-------------------------------------------
     0 | D:1      | Camlann the Demonspawn Archaeologist began the quest for
                  | the Orb.
     0 | D:1      | Reached XP level 1. HP: 15/15 MP: 1/1
   233 | D:1      | Reached skill level 2 in Fighting
   329 | D:1      | Gained mutation: You have large cloven feet. [demonic
                  | ancestry]
   329 | D:1      | Reached XP level 2. HP: 22/22 MP: 2/2
  1023 | D:2      | Found a blossoming altar of Fedhas.
  1044 | D:2      | Reached skill level 3 in Fighting
  1076 | D:2      | Reached XP level 3. HP: 26/29 MP: 3/3
  1081 | D:2      | Found a hazy altar of Hepliaklqana.
  1162 | D:2      | Reached skill level 1 in Long Blades
  1188 | D:2      | HP: 5/43 [worm (7)]
  1573 | D:2      | Reached skill level 2 in Long Blades
  1586 | D:2      | Found a snail-covered altar of Cheibriados.
  1587 | D:2      | Found a transporter.
  1601 | D:2      | Found a transporter.
  1627 | D:2      | Got an ichor-stained ring mail
  1679 | D:1      | Identified the +4 ring mail of Snakes and Ladders {rCorr
                  | Slay+3} (You found it on level 2 of the Dungeon)
  1683 | D:2      | HP: 2/29 [shadow imp/nerve-wracking pain (13)]
  1757 | D:2      | Reached skill level 3 in Long Blades
  1757 | D:2      | Reached XP level 4. HP: 25/35 MP: 4/4
  1842 | D:2      | Found a sacrificial altar of Ru.
  1842 | D:2      | Found a shadowy altar of Dithmenos.
  2102 | D:3      | Reached skill level 4 in Long Blades
  2216 | D:3      | Found a faded altar of an unknown god.
  2698 | D:3      | Reached XP level 5. HP: 41/41 MP: 5/5
  2749 | D:4      | Reached skill level 5 in Long Blades
  2780 | D:4      | Reached skill level 6 in Long Blades
  2825 | D:4      | Found a staircase to the Ecumenical Temple.
  2853 | Temple   | Entered the Ecumenical Temple
  2946 | Temple   | Became a worshipper of Makhleb the Destroyer
  2981 | D:4      | Noticed Natasha
  2988 | D:4      | Killed Natasha
  2988 | D:4      | Gained mutation: You are immune to rotting. [demonic
                  | ancestry]
  2988 | D:4      | Reached XP level 6. HP: 38/47 MP: 6/6
  3050 | D:4      | Noticed Natasha
  3062 | D:4      | Killed Natasha
  3153 | D:4      | Got a pitted short sword
  3156 | D:4      | Identified the +10 short sword "Epteop" {pierce, rN+++ MP-9
                  | Str-5 Int+2} (You found it on level 4 of the Dungeon)
  3232 | D:4      | Found a glowing golden altar of the Shining One.
  3286 | D:5      | Entered Level 5 of the Dungeon
  3286 | D:5      | Noticed a steam dragon
  3299 | D:5      | Killed a steam dragon
  3299 | D:5      | Reached skill level 4 in Fighting
  3299 | D:5      | Reached skill level 7 in Long Blades
  3299 | D:5      | Gained mutation: You are partially covered in thin metallic
                  | scales. (AC +2) [demonic ancestry]
  3299 | D:5      | Reached XP level 7. HP: 29/54 MP: 7/7
  3353 | D:5      | Found Ceal's Armour Shoppe.
  3446 | D:5      | Found Laenui's Assorted Antiques.
  3449 | D:5      | Bought a lumpy orange potion for 26 gold pieces
  3449 | D:5      | Bought 2 bubbling puce potions for 52 gold pieces
  3449 | D:5      | Bought a scroll labeled PEYROA MIAMI for 29 gold pieces
  3449 | D:5      | Bought 2 scrolls labeled PEYROA MIAMI for 58 gold pieces
  3593 | D:5      | Reached skill level 5 in Fighting
  3678 | D:5      | Found Woxkukh's Assorted Antiques.
  3681 | D:5      | Bought a smoky golden potion for 25 gold pieces
  3763 | D:5      | Found a shimmering altar of Xom.
  3844 | D:5      | Gained mutation: You occasionally shout uncontrollably at
                  | your foes. [potion of mutation]
  3844 | D:5      | Gained mutation: Potions are less effective at restoring
                  | your health. [potion of mutation]
  3844 | D:5      | Gained mutation: You expend magic power (3 MP) to
                  | strengthen your wands. [potion of mutation]
  4153 | D:6      | Reached * piety under Makhleb
  4207 | D:6      | Reached skill level 8 in Long Blades
  4207 | D:6      | Gained mutation: You are mostly covered in thin metallic
                  | scales. (AC +3) [demonic ancestry]
  4207 | D:6      | Reached XP level 8. HP: 64/64 MP: 8/8
  4234 | D:6      | Noticed a hippogriff
  4240 | D:6      | Killed a hippogriff
  4240 | D:6      | Reached skill level 6 in Fighting
  4243 | D:6      | Noticed a troll
  4255 | D:6      | Killed a troll
  4344 | D:6      | Reached skill level 7 in Fighting
  4359 | D:6      | Reached skill level 9 in Long Blades
  4537 | D:6      | Gained mutation: You regenerate a little health from kills.
                  | [demonic ancestry]
  4537 | D:6      | Reached XP level 9. HP: 51/73 MP: 9/9
  4635 | D:6      | Reached ** piety under Makhleb
  4888 | D:7      | Identified the +1 great mace of Conflict {drain, rF+ rC+
                  | MR+}
  4888 | D:7      | Identified the +8 great mace "Olenlepn" {crush, *Noise rF+
                  | rC+}
  4888 | D:7      | Noticed a two-headed ogre
  4890 | D:7      | Found a transporter.
  4890 | D:7      | Noticed Lexodia's ghost (novice CeAc)
  4895 | D:7      | Found a transporter.
  4927 | D:7      | Reached skill level 8 in Fighting
  5059 | D:7      | Found a sand-covered staircase.
  5066 | Ossuary  | Entered an ossuary
  5146 | Ossuary  | Reached *** piety under Makhleb
  5781 | D:7      | Killed Lexodia's ghost
  5781 | D:7      | Reached skill level 9 in Fighting
  5781 | D:7      | Reached skill level 10 in Long Blades
  5785 | D:7      | Killed a two-headed ogre
  5785 | D:7      | Reached XP level 10. HP: 59/85 MP: 10/10
  5838 | D:8      | Reached skill level 10 in Fighting
  5890 | D:8      | Reached skill level 11 in Long Blades
  6049 | D:8      | Noticed a three-headed hydra
  6062 | D:8      | Killed a ten-headed hydra
  6062 | D:8      | Reached skill level 11 in Fighting
  6093 | D:8      | Found a staircase to the Orcish Mines.
  6106 | D:8      | HP: 18/87 [wyvern skeleton (11)]
  6202 | D:8      | Reached **** piety under Makhleb
  6241 | D:8      | HP: 21/88 [yak (5)]
  6242 | D:8      | HP: 9/88 [yak (12)]
  6244 | D:8      | Slain by a yak

Vanquished Creatures
  A hydra (D:8)
  A two-headed ogre (D:7)
  The ghost of Lexodia the Carver, a novice CeAc of the Shining One (D:7)
  2 trolls
  2 dream sheep (D:8)
  A hippogriff (D:6)
  8 yaks (D:8)
  A steam dragon (D:5)
  4 ice beasts
  2 orc warriors
  A sky beast (D:6)
  6 ogres
  A centaur (D:8)
  3 big kobolds (D:8)
  3 bullfrogs
  A wyvern skeleton (D:8)
  4 wights (D:6)
  6 electric eels (D:5)
  2 howler monkeys (D:7)
  A jelly (D:7)
  4 crimson imps
  A centaur zombie (Ossuary)
  6 hounds
  A bullfrog skeleton (D:6)
  A human zombie (Ossuary)
  2 orc priests (D:6)
  5 worker ants
  Natasha (twice) (D:4)
  5 orc wizards
  A hound zombie (D:6)
  2 mummies (Ossuary)
  A worker ant zombie (D:6)
  7 adders
  2 shadow imps
  An ooze (D:4)
  2 adder skeletons (D:5)
  6 adder zombies
  A worm (D:2)
  3 dart slugs (D:2)
  4 leopard geckos
  13 orcs
  4 giant cockroaches
  7 goblins
  7 hobgoblins
  8 jackals
  10 kobolds
  A quokka (D:2)
  5 bats
  2 frilled lizards
  8 hobgoblin zombies (Ossuary)
  14 kobold zombies (Ossuary)
  7 orc zombies (Ossuary)
  A quokka skeleton (D:5)
  A rat (D:2)
  A rat zombie (Ossuary)
197 creatures vanquished.

Vanquished Creatures (others)
  A plant (D:5)
1 creature vanquished.

Grand Total: 198 creatures vanquished
